 Dungeon Crawl Stone Soup version 0.18-b1-22-ge198996 (webtiles) character file.

199 Guinours the Skirmisher (level 5, 0/42 HPs)
             Began as a Demonspawn Abyssal Knight on May 4, 2016.
             Was a Priest of Lugonu.
             Slain by a hobgoblin (1 damage)
             ... led by Robin
             ... on level 4 of the Dungeon.
             The game lasted 00:26:51 (3835 turns).

Guinours the Skirmisher (Demonspawn Abyssal Knight) Turns: 3835, Time: 00:26:51

Health: 0/42       AC: 15    Str: 13    XL:     5   Next: 48%
Magic:  6/6        EV:  6    Int: 14    God:    Lugonu [***...]
Gold:   134        SH:  6    Dex: 12    Spells: 0 memorised, 4 levels left

rFire  . . .     SeeInvis .     h - +0 flail
rCold  . . .     Gourm    .     q - +1 chain mail
rNeg   . . .     Faith    .     (no shield)
rPois  .         Spirit   .     b - +0 helmet
rElec  .         Dismiss  .     (no cloak)
rCorr  .         Reflect  +     (no gloves)
SustAt .         Harm     .     x - +0 pair of boots
MR     .....                    e - +3 amulet of reflection
Stlth  ..........               (no ring)
                                (no ring)

@: flying, not resistant to hostile enchantments, extremely unstealthy
A: claws 1, large bone plates 2
a: Depart the Abyss, Bend Space, Banish, Renounce Religion


You were on level 4 of the Dungeon.
You worshipped Lugonu.
Lugonu was most pleased with you.
You were not hungry.

You visited 1 branch of the dungeon, and saw 4 of its levels.
You visited the Abyss 1 time.

You collected 134 gold pieces.

Inventory:

Hand Weapons
 a - a +1 mace
 f - a +0 hunting sling
 h - a +0 flail (weapon)
 o - a +0 war axe of freezing
 y - a +0 blowgun
Missiles
 g - 68 arrows
 i - 96 stones (quivered)
 p - 17 bolts
 t - 16 sling bullets
 v - 52 poisoned needles
Armour
 b - a +0 helmet (worn)
 q - a +1 chain mail (worn)
 x - a +0 pair of boots (worn)
Jewellery
 e - a +3 amulet of reflection (around neck)
Scrolls
 j - 2 scrolls of identify
 k - a scroll of remove curse
 n - a scroll of amnesia
 s - a scroll of enchant weapon {unknown}
Potions
 d - a potion of ambrosia {unknown}
 l - a potion of invisibility {unknown}
 r - a potion of flight
Comestibles
 c - 4 bread rations
 u - 7 fruits


   Skills:
 + Level 4.2 Fighting
 * Level 3.1 Maces & Flails
 + Level 2.9 Armour
 + Level 2.2 Dodging
 + Level 2.4 Invocations


You had 4 spell levels left.
You didn't know any spells.

Dungeon Overview and Level Annotations

Branches:
Dungeon (4/15)
 Temple: D:4-7

Altars:
Elyvilon
Kikubaaqudgha
Nemelex Xobeh

Annotations:
D:4 Robin; Shenda's ghost, amateur DrTm


Innate Abilities, Weirdness & Mutations

You have sharp fingernails.
You are mostly covered in large bone plates (AC +3, SH +3).


Message History

You closely miss Shenda's ghost.
Shenda's ghost is severely damaged.
Shenda's ghost barely misses you. You block the hobgoblin's attack.
You miss Shenda's ghost.
Shenda's ghost is severely damaged.
You block Shenda's ghost's attack. The hobgoblin closely misses you.
Shenda's ghost hits you.
* * * LOW HITPOINT WARNING * * *
Your chain mail prevents you from hitting Shenda's ghost.
Shenda's ghost is severely damaged.
You block the hobgoblin's attack. Shenda's ghost hits you.
* * * LOW HITPOINT WARNING * * *
The hobgoblin hits you.
* * * LOW HITPOINT WARNING * * *
It was a potion of flight.
You feel very buoyant.
You fly up into the air.
Shenda's ghost hits you.
* * * LOW HITPOINT WARNING * * *
The hobgoblin hits you.
You die...

.###....########
)..#.......#
...#.......#
...#......>#
####.##...##########
####.##...##....(..#
...................#
.................g)#
................@Wo#
..........##....##o#
..........##+#### .#
..........# oo
..........# g..
##..####### ....
#..# ....≈ ....#
....≈≈ ....#


You could see Shenda's ghost, 2 orcs and a hobgoblin.

Vanquished Creatures
  A howler monkey (D:4)
  4 gnolls (D:3)
  3 adders
  4 worms (D:2)
  3 dart slugs
  A giant gecko (D:1)
  2 orcs (D:3)
  2 giant cockroaches
  11 hobgoblins
  5 kobolds
  A ball python (D:1)
  8 bats
  4 giant newts
  17 goblins
  10 rats
76 creatures vanquished.

Vanquished Creatures (others)
  A goblin (D:2)
  A kobold (D:3)
  4 toadstools (D:1)
6 creatures vanquished.

Grand Total: 82 creatures vanquished

Notes
Turn   | Place    | Note
--------------------------------------------------------------
     0 | Abyss:1  | Guinours the Demonspawn Abyssal Knight began the quest for the Orb.
     0 | Abyss:1  | Reached XP level 1. HP: 18/18 MP: 2/2
    12 | D:1      | Escaped the Abyss
    88 | D:1      | Reached skill level 1 in Dodging
   454 | D:1      | Gained mutation: You are partially covered in large bone plates (AC +2, SH +2). [demonic ancestry]
   454 | D:1      | Reached XP level 2. HP: 24/24 MP: 3/3
   693 | D:1      | Reached ** piety under Lugonu
  1132 | D:2      | Gained mutation: You have sharp fingernails. [demonic ancestry]
  1132 | D:2      | Reached XP level 3. HP: 23/29 MP: 4/4
  1202 | D:2      | Found an ancient bone altar of Kikubaaqudgha.
  1236 | D:2      | Found a white marble altar of Elyvilon.
  2293 | D:2      | Reached XP level 4. HP: 37/37 MP: 5/5
  2602 | D:3      | Found a sparkling altar of Nemelex Xobeh.
  3153 | D:3      | Reached skill level 4 in Fighting
  3166 | D:3      | Reached *** piety under Lugonu
  3497 | D:3      | Gained mutation: You are mostly covered in large bone plates (AC +3, SH +3). [demonic ancestry]
  3497 | D:3      | Reached XP level 5. HP: 40/42 MP: 6/6
  3748 | D:4      | Noticed Robin
  3759 | D:4      | Noticed Shenda's ghost (amateur DrTm)
  3835 | D:4      | HP: 1/42 [Shenda's ghost (6)]
  3835 | D:4      | Slain by a hobgoblin

Skill      XL: |  1  2  3  4  5 |
---------------+----------------+-----
Dodging        | 1 2 |  2.2
Armour         | 2 |  2.9
Maces & Flails | 2 3 |  3.1
Fighting       | 4 |  4.2
Invocations    | |  2.4

Action                   |  1- 3 |  4- 6 || total
-------------------------+-------+-------++-------
Melee: Mace              |   255 |    34 ||   289
       Flail             |       |   133 ||   133
  Use: Scroll            |     4 |     2 ||     6
       Potion            |       |     4 ||     4
  Eat: Beef jerky        |     1 |       ||     1
       Meat ration       |     1 |       ||     1
       Bread ration      |       |     1 ||     1
Armor: Leather armour    |    24 |       ||    24
       Chain mail        |    57 |   191 ||   248
Dodge: Dodged            |    76 |    73 ||   149
Block: Other             |    45 |    81 ||   126
       Reflection        |     1 |     1 ||     2
